 Dungeon Crawl Stone Soup version 0.29-a0-234-g0dae59b3db (webtiles) character file.

Game seed: 14088672074336749394

282 spaghetti the Skirmisher (level 6, 0/53 HPs)
             Began as a Mummy Hunter on Mar 3, 2022.
             Was an Initiate of Gozag.
             Slain by a killer bee (6 damage)
             ... on level 7 of the Dungeon.
             The game lasted 00:06:57 (4727 turns).

spaghetti the Skirmisher (Mummy Hunter)             Turns: 4727, Time: 00:06:57

Health: 0/53       AC:  5    Str: 18    XL:     6   Next: 6%
Magic:  6/6        EV: 11    Int: 10    God:    Gozag
Gold:   147        SH:  0    Dex: 12    Spells: 5/5 levels left

rFire   + + .      SeeInvis .   b - +0 short sword (drain) {short}
rCold   + . .      Faith    +   (no shield)
rNeg    + + +      Spirit   .   j - +0 leather armour
rPois   ∞          Reflect  .   d - +1 helmet
rElec   .          Harm     .   (no cloak)
rCorr   .          Rampage  +   (no gloves)
Will    +....                   (no boots)
Stlth   +.........              e - amulet "Liseku Muggy" {Faith Rampage *Slow rF+++}
HPRegen 0.17/turn               i - ring of willpower
MPRegen 0.10/turn               (no ring)

@: no status effects
A: cold resistance 1, negative energy resistance 3, torment resistance 2, heat
vulnerability 1, in touch with death 1, no potions
a: Renounce Religion, Potion Petition, Call Merchant, Bribe Branch


You were on level 7 of the Dungeon.
You worshipped Gozag.
Gozag was aware of your devotion.
You visited 2 branches of the dungeon, and saw 9 of its levels.

You collected 204 gold pieces.
You paid 57 gold pieces to Gozag.


Innate Abilities, Weirdness & Mutations

You are immune to poison.
Your flesh is cold resistant. (rC+)
You are immune to negative energy. (rN+++)
You are immune to unholy pain and torment.
You are vulnerable to heat. (rF-)
You are in touch with the powers of death.
You do not drink.


   Skills:
 + Level 6.4 Fighting
 - Level 3.2 Crossbows
 - Level 1.5 Dodging
 - Level 0.7 Stealth


You had 5 spell levels left.
You didn't know any spells.
Your spell library contained the following spells:

 Spells                   Type           Power      Damage    Failure   Level
 Sandblast                Erth           0%         2d4       41%         1
 Blink                    Tloc           0%         N/A       56%         2
 Ensorcelled Hibernation  Hex/Ice        0%         N/A       56%         2
 Passwall                 Tmut/Erth      0%         N/A       56%         2
 Lesser Beckoning         Tloc           0%         N/A       80%         3
 Stone Arrow              Conj/Erth      0%         3d7       80%         3
 Airstrike                Air            0%         N/A       99%         4
 Anguish                  Hex/Necr       0%         N/A       99%         4
 Summon Lightning Spire   Summ/Air       0%         N/A       99%         4
 Lightning Bolt           Conj/Air       0%         1d11      100%        5
 Manifold Assault         Tloc           0%         N/A       100%        5
 Spider Form              Tmut/Pois      Unusable   N/A       N/A         3

Inventory:

Hand Weapons
 a - a +1 hand crossbow {crossbow}
 b - a +0 short sword of draining (weapon) {short}
   (You found it on level 4 of the Dungeon)
Missiles
 c - 104 stones {throwing}
Armour
 d - a +1 helmet (worn)
   (You found it on level 2 of the Dungeon)
 j - a +0 leather armour (worn)
Magical Staves
 f - a staff of death {!astaff}
   (You found it on level 2 of the Dungeon)
Jewellery
 e - the amulet "Liseku Muggy" (around neck) {Faith Rampage *Slow rF+++}
   (You found it on level 2 of the Dungeon)

   [amulet of faith]

   It allows you to gain divine favour quickly.
   rF:        It renders you almost immune to fire.
   *Slow:     It may slow you when you take damage.
   Rampage:   It bestows one free step when moving towards enemies.
 g - a ring of see invisible
   (You found it on level 2 of the Dungeon)
 h - a ring of positive energy
   (You found it on level 4 of the Dungeon)
 i - a ring of willpower (left hand)
   (You found it on level 4 of the Dungeon)
Scrolls
 k - a scroll of identify {@r1}

Dungeon Overview and Level Annotations

Branches:
Dungeon (8/15)             Temple (1/1) D:5
   Lair: D:8-11

Altars:
Ashenzari
Cheibriados
Elyvilon
Gozag
Kikubaaqudgha
Makhleb
Nemelex Xobeh
Qazlal
Ru
Sif Muna
Vehumet
Xom
Yredelemnul
Zin

Shops:
D:6 *

Annotations:
D:4 Grinder
D:7 2 runed translucent doors, exclusion: orange crystal statue, Harold

#.####+####.#.#####.######.
#.# ..... #.#..............
#.#.#...#.#.#.###.#.#######
#.#.......#.#........#
#.#...[...#....##.#..#
#.#.......#?..y......#
#.#.#...#.#.#..####..#
#.#8..... #.#.yyy....#
..####+####.#.##@##.##
............#.#yF.#.#
.##.......###...K...#
###.##.#..# ###...###
#.......# #.@.#
#.##.#..#####.).#####
#.##.#......K.......#
#..................##
#....[............##


You could see Harold, a kobold brigand, a bullfrog, 5 killer bees and a kobold.


Message History

A kobold comes into view.
It is wielding a +0 dagger and quivering poisoned darts.
The bullfrog closely misses you.
The kobold brigand barely misses you. 😕 HP[-3]
You take 3 damage, and now have 47/53 hp.
A kobold comes into view. It is wielding a +0 club.
The kobold shouts!
The kobold brigand throws a poisoned dart.
The poisoned dart hits you! The bullfrog barely misses you.
The bullfrog hits you. 😕 HP[-1]
You take 1 damage, and now have 46/53 hp. 😕 HP[+1]
The bullfrog misses you.
A kobold comes into view. It is wielding a +0 whip.
You hit the bullfrog.
The bullfrog hits you but does no damage.
The bullfrog hits you. 😕 HP[-5]
You take 5 damage, and now have 42/53 hp.
You barely miss the bullfrog.
The bullfrog hits you but does no damage.
The bullfrog hits you. 😮 HP[-6]
You take 6 damage, and now have 36/53 hp.
The kobold shouts!
You hit the bullfrog. The bullfrog hits you. 😮 HP[-5]
You take 5 damage, and now have 31/53 hp.
You barely miss the bullfrog. The bullfrog closely misses you.
The bullfrog barely misses you.
Harold says, "Listen, it's nothing personal.
It's just a job." 😮 HP[+1] Unknown command.
You closely miss the bullfrog. The bullfrog hits you. x2 😮 HP[-5]
You take 5 damage, and now have 27/53 hp.
Okay, then.
You aren't carrying any items that you can evoke.
Okay, then.
Unknown command.
Unknown command.
The bullfrog barely misses you.
Harold says, "Bounty hunting has been great, but I can't wait to retire."
The bullfrog hits you.
* * * LOW HITPOINT WARNING * * *
😨 HP[-1]
You take 1 damage, and now have 26/53 hp.
The bullfrog hits you.
* * * LOW HITPOINT WARNING * * *
😨 HP[-1]
You take 1 damage, and now have 25/53 hp.
The bullfrog hits you but does no damage.
The bullfrog snags a nearby moth with its tongue.
The bullfrog misses you. 😨 HP[+1]
The bullfrog hits you.
* * * LOW HITPOINT WARNING * * *
😨 HP[-3]
You take 3 damage, and now have 23/53 hp.
You can't drink.
Okay, then.
The bullfrog hits you.
* * * LOW HITPOINT WARNING * * *
😨 HP[-1]
You take 1 damage, and now have 22/53 hp.
The bullfrog hits you.
* * * LOW HITPOINT WARNING * * *
😨 HP[-3]
You take 3 damage, and now have 19/53 hp.
The bullfrog hits you.
* * * LOW HITPOINT WARNING * * *
😨 HP[-3]
You take 3 damage, and now have 16/53 hp.
The bullfrog barely misses you.
The killer bee buzzes angrily.
You hear an angry buzzing noise. x2 😨 HP[+1]
The killer bee barely misses you. The killer bee stings you.
* * * LOW HITPOINT WARNING * * *
The bullfrog closely misses you. 😱 HP[-6]
You take 6 damage, and now have 11/53 hp.
The killer bee stings you.
* * * LOW HITPOINT WARNING * * *
The killer bee misses you. 😱 HP[-3]
You take 3 damage, and now have 8/53 hp.
A killer bee comes into view.
The killer bee buzzes angrily.
The killer bee closely misses you. The bullfrog closely misses you.
The killer bee barely misses you. The killer bee closely misses you.
The killer bee barely misses you.
There is a stone staircase leading up here.
The killer bee barely misses you. The bullfrog closely misses you.
The killer bee stings you.
* * * LOW HITPOINT WARNING * * *
The killer bee barely misses you.
Harold looks eager to get this over with.
The killer bee stings you.
You die...
Your body crumbles into a pile of gold.

Skill      XL: |  1  2  3  4  5 |
---------------+----------------+-----
Fighting       | 3 5 6 |  6.4
Crossbows      | |  3.2
Dodging        | |  1.5
Stealth        | |  0.7

Action                   |  1- 3 |  4- 6 || total
-------------------------+-------+-------++-------
Melee: Short sword       |     3 |    38 ||    41
 Fire: Hand crossbow     |   120 |    28 ||   148
  Use: Scroll            |     6 |     2 ||     8
Armor: Leather armour    |    16 |    35 ||    51
Dodge: Dodged            |    27 |    59 ||    86

Levels and vault maps discovered:
D:1:      kilobyte_arrival_exit_the_forest, layout_loops_corners,
          dreamdust_ecumenical_altar_grove
D:2:      layout_basic, minmay_statues_item, grunt_decor_junction,
          minmay_misc_feat_rugged
D:3:      layout_basic, nicolae_vehumet_radiance, chequers_serial_rivers_room_a
D:4:      layout_gridville, mainiacjoe_overflow_chevrons,
          mainiacjoe_overflow_large_starburst, guppyfry_early_orc_mine,
          uniq_grinder
D:5:      layout_layer_cave, kennysheep_mini, nicolae_hepliaklqana_hippocampus,
          temple_statues, minmay_manual_mares
D:6:      minmay_chambers_of_sixes, layout_loops_ring, minitemple, zin_purify
D:7:      minmay_inner_zag, layout_loops_cross, fedhas_altar_3, serial_shops,
          nicolae_diamond_shop, chequers_guarded_unrand_ignorance,
          uniq_menkaure, uniq_harold
D:8:      layout_basic, nicolae_wu_jian_glorious_leap, special_room
          [special_room_orc], kennysheep_doodads, uniq_maurice
Temple:   nicolae_temple_figure_zero

Notes
Turn   | Place    | Note
-------+----------+-------------------------------------------
     0 | D:1      | spaghetti the Mummy Hunter began the quest for the Orb.
     0 | D:1      | Reached XP level 1. HP: 16/16 MP: 1/1
     0 | D:1      | magus.rc [v1.9.6]
   374 | D:2      | Reached skill level 3 in Fighting
   374 | D:2      | Reached XP level 2. HP: 10/24 MP: 2/2
   664 | D:2      | You pick up a book of Dreams and begin reading...
   664 | D:2      | You add the spells Ensorcelled Hibernation and Anguish to
                  | your library.
   665 | D:2      | Identified the amulet "Liseku Muggy" {Faith Rampage *Slow
                  | rF+++}
   911 | D:2      | Gained mutation: You are in touch with the powers of death.
                  | [Mummy growth]
   911 | D:2      | Reached XP level 3. HP: 29/29 MP: 3/3
  1622 | D:3      | Found a radiant altar of Vehumet.
  2029 | D:4      | Noticed Grinder
  2092 | D:4      | You pick up a book of Spatial Translocations and begin
                  | reading...
  2092 | D:4      | You add the spells Blink, Lesser Beckoning and Manifold
                  | Assault to your library.
  2115 | D:4      | Found a shimmering blue altar of Sif Muna.
  2115 | D:4      | Found a sacrificial altar of Ru.
  2125 | D:4      | You pick up a book of Geomancy and begin reading...
  2125 | D:4      | You add the spells Sandblast, Passwall and Stone Arrow to
                  | your library.
  2211 | D:4      | Reached skill level 4 in Fighting
  2422 | D:4      | Noticed an orc warrior
  2978 | D:4      | Noticed a necrophage
  2990 | D:4      | Killed a necrophage
  2991 | D:4      | Reached skill level 5 in Fighting
  2991 | D:4      | Reached XP level 4. HP: 12/39 MP: 4/4
  3121 | D:4      | HP: 8/39 [iguana (8)]
  3123 | D:4      | Reached XP level 5. HP: 10/44 MP: 5/5
  3623 | D:5      | Entered Level 5 of the Dungeon
  3685 | D:5      | Found a staircase to the Ecumenical Temple.
  3694 | Temple   | Entered the Ecumenical Temple
  3809 | Temple   | Became a worshipper of Gozag Ym Sagoz the Greedy
  4019 | D:6      | Found Zin's Purification Station.
  4179 | D:5      | Noticed a water moccasin
  4213 | D:6      | Noticed a black bear
  4215 | D:6      | Noticed a sky beast
  4240 | D:7      | HP: 9/46 [something/magic dart (4)]
  4242 | D:7      | Found a runed translucent door.
  4251 | D:7      | Found the +10 tower shield of Ignorance {rN+ Int-4}
  4540 | D:7      | Noticed a centaur
  4552 | D:7      | Killed a centaur
  4553 | D:7      | Reached skill level 6 in Fighting
  4553 | D:7      | Reached XP level 6. HP: 48/53 MP: 6/6
  4582 | D:7      | Found a runed translucent door.
  4585 | D:7      | Noticed an orange crystal statue
  4613 | D:7      | You pick up a book of Storms and begin reading...
  4613 | D:7      | You add the spells Airstrike, Summon Lightning Spire and
                  | Lightning Bolt to your library.
  4688 | D:7      | Noticed Harold
  4723 | D:7      | HP: 11/53 [killer bee (6)]
  4727 | D:7      | Slain by a killer bee

Vanquished Creatures
  A centaur (D:7)
  A necrophage (D:4)
  2 hounds
  An iguana (D:4)
  2 adders
  3 worms
  A dart slug (D:2)
  2 orcs
  4 endoplasms
  A goblin (D:3)
  4 hobgoblins
  7 kobolds
  2 quokkas
  A ball python (D:2)
  5 bats (D:2)
  A frilled lizard (D:2)
  4 rats
42 creatures vanquished.

Vanquished Creatures (others)
  2 plants (D:4)
2 creatures vanquished.

Grand Total: 44 creatures vanquished

Table legend:
 A = Non-vault XP
 B = Vault XP
 C = Vault XP percentage of total XP
 D = Non-vault monster count
 E = Vault monster count
 F = Vault count percentage of total count
                 A         B        C        D         E       F
            +---------+---------+-------+---------+---------+-------
      Total |     404 |       0 |   0.0 |      42 |       0 |   0.0
            +---------+---------+-------+---------+---------+-------
        D:1 |       4 |       0 |   0.0 |       2 |       0 |   0.0
        D:2 |      44 |       0 |   0.0 |      17 |       0 |   0.0
        D:3 |      16 |       0 |   0.0 |       9 |       0 |   0.0
        D:4 |     188 |       0 |   0.0 |      10 |       0 |   0.0
        D:5 |      40 |       0 |   0.0 |       1 |       0 |   0.0
        D:6 |       3 |       0 |   0.0 |       1 |       0 |   0.0
        D:7 |     109 |       0 |   0.0 |       2 |       0 |   0.0
            +---------+---------+-------+---------+---------+-------

Illustrated notes

Table legend:
 A = Kills in this place as a percentage of kills in entire the game.
 B = Kills by you in this place as a percentage of kills by you in the entire game.
 C = Kills by friends in this place as a percentage of kills by friends in the entire game.
 D = Other kills in this place as a percentage of other kills in the entire game.
 E = Experience gained in this place as a percentage of experience gained in the entire game.
 F = Experience gained in this place divided by the number of levels of this place that you have seen.
                   A       B       C       D       E      F
               +-------+-------+-------+-------+-------+----------------------
         Total | 100.0 | 100.0 |   N/A |   N/A | 100.0 |  44.9
       Dungeon | 100.0 | 100.0 |   N/A |   N/A | 100.0 |  50.5
               +-------+-------+-------+-------+-------+----------------------

Table legend: (Time is in decaauts)
 A = Elapsed time spent in this place.
 B = Non-inter-level travel time spent in this place.
 C = Inter-level travel time spent in this place.
 D = Time resting spent in this place.
 E = Time spent auto-exploring this place.
 F = Levels seen in this place.
 G = Mean time per level.
                   A        B        C        D        E       F      G
               +--------+--------+--------+--------+--------+-----+--------+
         Total |   4794 |   4596 |    198 |   1336 |   2498 |   9 |  532.7 |
       Dungeon |   4668 |   4480 |    188 |   1336 |   2386 |   8 |  583.5 |
        Temple |    125 |    115 |     10 |      0 |    112 |   1 |  125.0 |
               +--------+--------+--------+--------+--------+-----+--------+

Top non-repeatable levels by time:
     D:4: 1459 daAuts
     D:2: 1071 daAuts
     D:3: 924 daAuts
     D:5: 277 daAuts
     D:8: 269 daAuts
     D:7: 230 daAuts
     D:1: 229 daAuts
     D:6: 206 daAuts
  Temple: 125 daAuts
